 Dungeon Crawl Stone Soup version 0.22.0-5-gf09313c8f9 (webtiles) character file.

1945668 IceCat the Slayer (level 27, 295/295 HPs)
             Began as a Minotaur Fighter on Aug 13, 2018.
             Was the Champion of Cheibriados.
             Escaped with the Orb
             ... and 3 runes on Aug 14, 2018!
             The game lasted 06:59:18 (60221 turns).

IceCat the Slayer (Minotaur Fighter)               Turns: 60221, Time: 06:59:19

Health: 295/295    AC: 31    Str: 52    XL:     27
Magic:  48/48      EV: 37    Int: 20    God:    Cheibriados [******]
Gold:   8533       SH: 23    Dex: 36    Spells: 30/52 levels left

rFire    + + +     SeeInvis +     - Unarmed
rCold    + . .     Gourm    +   b - +2 shield of Resistance {rF+ rC+ MR+}
rNeg     + + .     Faith    .   T - +7 plate armour "Roniv" {rN+}
rPois    +         Spirit   .   X - +1 hat "Dec Qecsou" {rC- MR+ Str+9 SInv}
rElec    .         Reflect  .   q - scarf {repulsion}
rCorr    +         Harm     .   n - +2 pair of gloves {archery}
MR       +++++                  l - +2 pair of boots
Stlth    ..........             z - amulet "Xitamys" {Gourm rF+ rC+ rN+ Dex+2}
HPRegen  0.59/turn              o - ring "Fosasamu" {*Slow rPois MP+9 EV+3 Dex+4}
MPRegen  0.31/turn              H - ring "Qochi" {rCorr MR++ Int+3}

@: repel missiles, very slow
A: retaliatory headbutt, horns 2, slimy green scales 1, thin skeletal structure
1, see invisible, deformed body, dopey 2, fire resistance 1, robust 1, screaming
1, weak 1, sturdy frame 1
0: Orb of Zot
}: 3/15 runes: barnacled, silver, gossamer
a: Bend Time, Temporal Distortion, Slouch, Step From Time, Renounce Religion


You escaped.
You worshipped Cheibriados.
Cheibriados was exalted by your worship.
You were very full.

You visited 11 branches of the dungeon, and saw 53 of its levels.
You also visited: Trove and Sewer.

You collected 10140 gold pieces.
You spent 1607 gold pieces at shops.

Inventory:

Armour
 b - the +2 shield of Resistance (worn) {rF+ rC+ MR+}
   (You took it off a deep elf sorcerer on level 3 of the Elven Halls)

   It protects you from fire.
   It protects you from cold.
   It affects your resistance to hostile enchantments.
 l - a +2 pair of boots (worn)
 n - a +2 pair of gloves of archery (worn)
 q - a scarf of repulsion (worn)
 F - the +1 cloak of Starlight {rElec rC+ EV+4 Stlth--}
   (You found it on level 3 of the Crypt)

   It affects your evasion (+4).
   It protects you from cold.
   It insulates you from electricity.
   It makes you much less stealthy.
 T - the +7 plate armour "Roniv" (worn) {rN+}
   (You took it off a vault warden on level 5 of the Vaults)

   It protects you from negative energy.
 X - the +1 hat "Dec Qecsou" (worn) {rC- MR+ Str+9 SInv}
   (You found it on level 4 of the Depths)

   It affects your strength (+9).
   It makes you vulnerable to cold.
   It affects your resistance to hostile enchantments.
   It lets you see invisible.
Jewellery
 o - the ring "Fosasamu" (left hand) {*Slow rPois MP+9 EV+3 Dex+4}
   (You found it on level 3 of the Depths)

   [ring of evasion]

   It affects your evasion (+3).
   It affects your dexterity (+4).
   It protects you from poison.
   It affects your magic capacity (+9).
   It may slow you when you take damage.
 z - the amulet "Xitamys" (around neck) {Gourm rF+ rC+ rN+ Dex+2}
   (You bought it in a shop on level 4 of the Vaults)

   [amulet of the gourmand]

   It allows you to eat raw meat even when not hungry.
   It affects your dexterity (+2).
   It protects you from fire.
   It protects you from cold.
   It protects you from negative energy.
 H - the ring "Qochi" (right hand) {rCorr MR++ Int+3}
   (You took it off a merfolk on level 4 of the Shoals)

   [ring of resist corrosion]

   It affects your intelligence (+3).
   It affects your resistance to hostile enchantments.
 P - an uncursed ring of protection from cold
 Z - an uncursed ring of wizardry
Wands
 g - a wand of digging (93)
 m - a wand of acid (22)
 G - a wand of paralysis (21)
 J - a wand of scattershot (10)
 O - a wand of iceblast (25)
 Q - a wand of disintegration (26)
 V - a wand of clouds (15)
Scrolls
 a - 8 scrolls of identify
 f - 7 scrolls of immolation
 h - 7 scrolls of enchant armour
 k - 4 scrolls of silence
 p - 20 scrolls of remove curse
 v - 20 scrolls of teleportation
 w - 10 scrolls of blinking
 x - 11 scrolls of fear
 B - 5 scrolls of magic mapping
 K - 10 scrolls of fog
 N - 3 scrolls of holy word
 W - 3 scrolls of summoning
Potions
 c - 6 potions of might
 e - a potion of mutation
 i - 17 potions of curing
 j - 4 potions of heal wounds
 s - 8 potions of brilliance
 t - 15 potions of flight
 u - 5 potions of agility
 A - 10 potions of ambrosia
 D - 6 potions of invisibility
 L - 5 potions of magic
 M - a potion of cancellation
 U - 4 potions of resistance
Miscellaneous
 y - a phial of floods
 R - a lamp of fire
 Y - a lightning rod (4/4)
Comestibles
 d - 84 rations


   Skills:
 + Level 26.1 Fighting
 - Level 19.0 Armour
 + Level 21.2 Dodging
 - Level 20.0 Shields
 * Level 25.3 Unarmed Combat
 - Level 13.0 Spellcasting
 - Level 4.0 Charms
 - Level 7.0 Necromancy
 - Level 5.0 Translocations
 - Level 12.0 Transmutations
 - Level 12.1 Earth Magic
 - Level 10.0 Invocations
 + Level 10.1 Evocations


You had 30 spell levels left.
You knew the following spells:

 Your Spells              Type           Power        Failure   Level  Hunger
a - Blink                 Tloc           N/A          1%          2    None
b - Apportation           Tloc           ####..       1%          1    None
c - Regeneration          Chrm/Necr      #####.....   3%          3    None
d - Passwall              Tmut/Erth      ######..     1%          2    None
e - Song of Slaying       Chrm           ####....     3%          2    None
f - Shroud of Golubria    Chrm/Tloc      ####......   2%          2    None
g - Statue Form           Tmut/Erth      ######...    11%         6    #####..
h - Passage of Golubria   Tloc           N/A          13%         4    None

Your spell library contained the following spells:

 Spells                   Type           Power        Failure   Level  Hunger
 Cause Fear               Hex            ##........   69%         4    None
 Magic Dart               Conj           ##..         10%         1    None
 Fireball                 Conj/Fire      ##........   95%         5    ####...
 Conjure Flame            Conj/Fire      ##......     30%         3    None
 Bolt of Fire             Conj/Fire      ##........   100%        6    #####..
 Bolt of Cold             Conj/Ice       ##........   100%        6    #####..
 Lightning Bolt           Conj/Air       ##........   95%         5    ####...
 Bolt of Magma            Conj/Fire/Erth ####......   47%         5    ####...
 Slow                     Hex            ##......     16%         2    None
 Confuse                  Hex            ##......     30%         3    None
 Invisibility             Hex            ##......     100%        6    #####..
 Throw Flame              Conj/Fire      ##....       16%         2    None
 Throw Frost              Conj/Ice       ##....       16%         2    None
 Controlled Blink         Tloc           N/A          100%        8    #######
 Freezing Cloud           Conj/Ice/Air   ##........   100%        6    #####..
 Mephitic Cloud           Conj/Pois/Air  ##......     30%         3    None
 Ring of Flames           Chrm/Fire      ###.......   100%        7    #######
 Venom Bolt               Conj/Pois      ##........   95%         5    ####...
 Teleport Other           Tloc           ####....     3%          3    None
 Summon Small Mammal      Summ           ##..         10%         1    None
 Bolt of Draining         Conj/Necr      ####......   54%         5    ####...
 Lehudib's Crystal Spear  Conj/Erth      #####.....   100%        8    #######
 Fire Storm               Conj/Fire      ##........   100%        9    #######
 Animate Dead             Necr           N/A          5%          4    None
 Pain                     Necr           ####         1%          1    None
 Animate Skeleton         Necr           N/A          1%          1    None
 Vampiric Draining        Necr           #####.....   1%          3    None
 Freeze                   Ice            ##..         10%         1    None
 Ozocubu's Refrigeration  Ice            ##........   100%        6    #####..
 Summon Ice Beast         Ice/Summ       ##......     69%         4    None
 Ozocubu's Armour         Chrm/Ice       ###.....     13%         3    None
 Call Imp                 Summ           ##......     16%         2    None
 Dispel Undead            Necr           #####...     16%         5    ####...
 Poison Arrow             Conj/Pois      ##........   100%        6    #####..
 Sting                    Conj/Pois      ##..         10%         1    None
 Sublimation of Blood     Necr           #####.....   1%          2    None
 Tukima's Dance           Hex            ##......     30%         3    None
 Summon Demon             Summ           ##........   95%         5    ####...
 Corpse Rot               Necr           N/A          1%          2    None
 Iron Shot                Conj/Erth      #####.....   77%         6    #####..
 Stone Arrow              Conj/Erth      #####.       2%          3    None
 Shock                    Conj/Air       ##..         10%         1    None
 Swiftness                Chrm/Air       ###.....     7%          2    None
 Recall                   Summ/Tloc      N/A          11%         3    None
 Agony                    Necr           #####...     16%         5    ####...
 Ice Form                 Ice/Tmut       #####...     9%          4    None
 Throw Icicle             Conj/Ice       ##......     69%         4    None
 Glaciate                 Conj/Ice       ##........   100%        9    #######
 Airstrike                Air            ##........   69%         4    None
 Shadow Creatures         Summ           N/A          100%        6    #####..
 Confusing Touch          Hex            ##....       10%         1    None
 Ignite Poison            Fire/Tmut/Pois ####....     6%          3    None
 Call Canine Familiar     Summ           ##......     30%         3    None
 Ensorcelled Hibernation  Hex/Ice        ##....       16%         2    None
 Metabolic Englaciation   Hex/Ice        ##........   95%         5    ####...
 Summon Butterflies       Summ           ##......     10%         1    None
 Silence                  Hex/Air        ##........   95%         5    ####...
 Shatter                  Erth           ######....   100%        9    #######
 Static Discharge         Conj/Air       ##......     30%         3    None
 Corona                   Hex            ##.....      10%         1    None
 Alistair's Intoxication  Tmut/Pois      #####...     24%         5    ####...
 Lee's Rapid Deconstruct  Erth           ######....   1%          5    ####...
 Sandblast                Erth           ######       1%          1    None
 Simulacrum               Ice/Necr       ####......   98%         6    #####..
 Chain Lightning          Conj/Air       ##........   100%        8    #######
 Excruciating Wounds      Chrm/Necr      #####.....   28%         5    ####...
 Portal Projectile        Hex/Tloc       ###...       11%         3    None
 Petrify                  Tmut/Erth      ######..     1%          4    None
 Orb of Destruction       Conj           ##........   100%        7    #######
 Tornado                  Air            ##........   100%        9    #######
 Leda's Liquefaction      Hex/Erth       #####.....   9%          4    None
 Summon Hydra             Summ           ##........   100%        7    #######
 Darkness                 Hex            ##........   100%        6    #####..
 Inner Flame              Hex/Fire       ##......     30%         3    None
 Aura of Abjuration       Summ           ##........   95%         5    ####...
 Iskenderun's Battlesphe  Conj/Chrm      ###.....     77%         5    ####...
 Dazzling Spray           Conj/Hex       ##....       30%         3    None
 Force Lance              Conj/Tloc      ###.....     34%         4    None
 Infusion                 Chrm           ####         1%          1    None
 Spectral Weapon          Hex/Chrm       ###.....     13%         3    None
 Summon Forest            Summ/Tloc      ###.......   69%         5    ####...
 Summon Lightning Spire   Summ/Air       ##......     69%         4    None
 Summon Guardian Golem    Hex/Summ       ##......     30%         3    None
 Spellforged Servitor     Conj/Summ      ##........   100%        7    #######
 Summon Mana Viper        Hex/Summ       ##......     95%         5    ####...
 Irradiate                Conj/Tmut      #####.....   24%         5    ####...
 Gell's Gravitas          Tloc           ####......   3%          3    None
 Yara's Violent Unravell  Hex/Tmut       #####.....   24%         5    ####...
 Lesser Beckoning         Tloc           ####......   3%          3    None
 Poisonous Vapours        Pois/Air       ##....       16%         2    None
 Ignition                 Fire           ##........   100%        8    #######
 Borgnjor's Vile Clutch   Necr/Erth      ######....   5%          5    ####...


Dungeon Overview and Level Annotations

Branches:
Dungeon (15/15)            Temple (1/1) D:7            Lair (6/6) D:10
 Shoals (4/4) Lair:3       Spider (4/4) Lair:3        Slime (0/5) Lair:5
    Orc (2/2) D:9             Elf (3/3) Orc:2        Vaults (5/5) D:13
  Crypt (3/3) Vaults:3       Tomb (0/3) Crypt:3      Depths (5/5) D:15
    Zot (5/5) Depths:5

Altars:
Ashenzari
Cheibriados
Dithmenos
Elyvilon
Fedhas
Gozag
Hepliaklqana
Kikubaaqudgha
Makhleb
Nemelex Xobeh
Okawaru
Qazlal
Ru
Sif Muna
Trog
Uskayaw
Vehumet
Wu Jian
Xom
Yredelemnul
Zin
The Shining One
Beogh
Jiyva

Shops:
D:12 [   D:14 *   Orc:2 ([(?   Elf:1 [}   Shoals:2 *   Vaults:4 %%}=
Depths:1 [[(

Portals:
Hell: Depths:1 Depths:2 Depths:3 Depths:4 Depths:5
Abyss: Depths:3 Depths:4
Pandemonium: Depths:2 Depths:3 Depths:4
Ziggurat: Depths:5

Annotations:
Elf:2 1 runed door
Vaults:4 3 runed doors, Reogah's ghost, adept MfBe
Depths:1 exclusion: obsidian statue
Zot:1 2 exclusions


Innate Abilities, Weirdness & Mutations

You reflexively headbutt those who attack you in melee.
You have a pair of horns on your head.
You are partially covered in slimy green scales. (AC +2)
You have a somewhat thin skeletal structure. (Dex +2, Stealth)
You have supernaturally acute eyesight. (SInv)
Armour fits poorly on your strangely shaped body.
You are very dopey. (Int -4)
Your flesh is heat resistant. (rF+)
You are robust. (+10% HP)
You occasionally shout uncontrollably at your foes.
You are weak. (Str -2)
Your movements are slightly less encumbered by armour. (ER -2)


Message History

You pound the chaos spawn into fine dust!!!!
You kill the chaos spawn!
Cheibriados thoroughly appreciates the change of pace.
The chaos spawn degenerates into a cloud of primal chaos!
Really walk into that cloud of seething chaos?
Okay, then.
You revert to your normal fleshy form.
Your +2 pair of gloves of archery unmelds from your body.
Your +2 pair of boots unmelds from your body.
The +7 plate armour "Roniv" {rN+} unmelds from your body.
You feel that your aim is more steady.
(D) Dungeon (T) Temple (L) Lair (A) Shoals (N) Spider Nest (M) Slime Pits (O) Orcish Mines (E) Elven Halls (V) Vaults (C) Crypt (W) Tomb (U) Depths (H) Hell (Z) Zot
Where to? (Enter - D:1 @ (x,y), ? - help)
You enter the shallow water.
Moving in this stuff is going to be slow.
There is a staircase leading out of the dungeon here.
You have escaped!

♣♣ ♣
♣♣♣P♣
♣♣♣♣♣♣
≈≈≈♣♣♣..♣
♣P...♣♣
≈≈≈♣
♣.♣.♣
♣..@..♣♣
≈♣ ♣♣.♣♣
♣......♣
♣♣ ♣.♣♣
♣.♣..♣♣♣
♣♣.♣♣
♣♣..♣♣
♣♣.♣
♣♣.♣♣
♣♣♣..♣
♣..♣ ♣
♣♣..♣♣♣
♣♣.♣ ♣♣
♣♣.♣♣♣
♣.♣
.♣♣♣.♣♣
♣♣♣.♣


There were no monsters in sight!

Vanquished Creatures
  9 ancient liches
  Khufu (Crypt:3)
  5 orbs of fire (Zot:5)
  Mara (Vaults:3)
  2 greater mummies (Crypt:2)
  Saint Roka (Elf:2)
  5 Killer Klowns
  4 pandemonium lords
  A caustic shrike (Depths:3)
  A curse toe (Zot:4)
  15 golden dragons
  Jory (Vaults:4)
  2 bone dragons
  Nikola (Vaults:2)
  the Enchantress (Depths:5)
  A Tzitzimitl (Zot:1)
  4 electric golems
  27 tentacled monstrosities
  Rupert (D:13)
  7 titans
  6 liches
  9 quicksilver dragons
  29 Orb Guardians
  Asterion (Vaults:2)
  2 deep elf blademasters (Elf:3)
  14 death cobs
  2 deep elf master archers (Elf:3)
  2 ancient champions (Crypt:2)
  Polyphemus (Shoals:3)
  3 sphinxes
  Agnes (Elf:1)
  14 shadow dragons
  A kraken (Shoals:4)
  5 draconian monks
  3 revenants
  Kirke (Lair:6)
  15 storm dragons
  14 tengu reavers
  Ilsuiw (Shoals:3)
  A daeva (Zot:5)
  A ghost moth (shapeshifter) (Depths:1)
  14 fire giants
  16 deep elf sorcerers
  6 draconian knights
  7 iron dragons
  A cacodemon (Depths:4)
  Louise (Shoals:2)
  9 draconian scorchers
  3 curse skulls (Crypt:2)
  2 orc warlords (Orc:2)
  11 vault wardens
  A balrug (Zot:4)
  8 ghost moths
  An angel (Zot:5)
  14 frost giants
  7 deep elf elementalists
  4 draconian stormcallers
  9 emperor scorpions
  3 war gargoyles (Crypt:3)
  15 ironheart preservers
  The ghost of Fidonwoo the Geomancer, a journeyman GrEE of Vehumet (Lair:5)
  7 draconian shifters
  6 draconian annihilators
  5 spriggan defenders
  8 vampire knights
  7 entropy weavers
  22 very ugly things
  22 stone giants
  7 deep elf demonologists
  7 black draconians
  15 green draconians
  8 deep elf annihilators
  13 purple draconians
  9 white draconians
  6 red draconians
  12 yellow draconians
  Azrael (Elf:1)
  2 spark wasps
  2 eidola (Crypt:2)
  2 large abominations
  16 ettins
  7 fire dragons
  7 merfolk javelineers
  22 yaktaur captains
  16 merfolk impalers
  6 jiangshi
  4 deep elf death magi
  A mummy priest (Crypt:3)
  A quicksilver dragon zombie (Crypt:3)
  The ghost of Gorg the Cleaver, a journeyman MiBe of Trog (D:9)
  6 deep elf high priests
  Harold (D:9)
  9 rakshasas
  Fannar (D:12)
  9 great orbs of eyes
  A great orb of eyes (shapeshifter) (Depths:3)
  30 vault guards
  3 merfolk avatars
  5 death knights
  8 hydras
  7 spriggan air magi
  13 ice dragons
  A catoblepas (Shoals:3)
  Erolcha (D:12)
  Erica (D:8)
  8 centaur warriors
  5 merfolk aquamancers
  29 dancing weapons
  2 anacondas (shapeshifter)
  38 two-headed ogres
  2 deep troll shamans
  9 vampire magi
  17 ogre magi
  11 deep troll earth magi
  3 death yaks (Shoals:3)
  5 orc high priests
  8 spriggan berserkers
  6 tengu warriors
  A storm dragon zombie (Crypt:1)
  2 soul eaters
  22 deep elf knights
  Urug (D:12)
  A sun demon (Zot:4)
  16 hell knights
  The ghost of Htamos the Shooter, a novice CeEE of Okawaru (D:9)
  7 spriggans
  A salamander mystic (Depths:5)
  2 shadow wraiths
  4 sixfirhies
  19 deep trolls
  3 glowing orange brains
  36 skeletal warriors
  An unseen horror (shapeshifter) (Vaults:4)
  9 sea snakes
  2 wizards (Elf:1)
  A cherub (Zot:5)
  23 deep elf archers
  5 flayed ghosts
  An unseen horror (D:13)
  18 orc knights
  A swamp dragon (Lair:6)
  18 ironbrand convokers
  An obsidian statue (Zot:4)
  9 phantasmal warriors
  2 anaconda skeletons
  18 harpies
  6 necromancers
  39 ugly things
  19 orb spiders
  2 stone giant zombies
  A lindwurm (shapeshifter) (Depths:5)
  4 shadow dragon zombies
  32 wolf spiders
  A wolf spider zombie (Crypt:3)
  2 salamanders (Depths:5)
  6 orc sorcerers
  An iron dragon zombie (Crypt:3)
  70 deep elf magi
  11 cyclopes
  4 fauns (Shoals:3)
  10 manticores
  16 elephants
  Joseph (D:7)
  31 moths of wrath
  11 merfolk sirens
  2 fire giant skeletons (Crypt:3)
  4 naga magi (Depths:4)
  15 vault sentinels
  Maurice (D:8)
  A black mamba (Lair:5)
  6 gargoyles
  3 rust devils
  7 water nymphs
  A black mamba (shapeshifter) (Vaults:4)
  5 smoke demons
  A frost giant skeleton (Crypt:3)
  A guardian serpent (shapeshifter) (Vaults:4)
  2 spiny frogs (shapeshifter)
  11 spiny frogs
  6 orange demons
  3 centaur skeletons (D:15)
  5 spectral swamp worms (Depths:5)
  2 yaktaurs (shapeshifter)
  A rime drake (shapeshifter) (Vaults:3)
  A dire elephant skeleton (Crypt:1)
  12 rime drakes
  A yellow draconian zombie (Crypt:2)
  10 komodo dragons
  40 yaktaurs
  A tormentor (D:11)
  A yaktaur zombie (Vaults:3)
  2 ice devils (Depths:1)
  7 freezing wraiths
  A hellwing (Depths:1)
  15 demonic crawlers
  A redback zombie (D:15)
  2 efreet
  6 tengu conjurers
  9 red devils
  32 merfolk
  3 polar bears
  A queen bee (Depths:3)
  13 trolls
  39 jumping spiders
  2 jumping spiders (shapeshifter)
  14 hornets
  Prince Ribbit (D:8)
  An ettin zombie (Crypt:1)
  A tyrant leech (shapeshifter) (Depths:2)
  13 wind drakes
  Grinder (D:3)
  11 slime creatures
  10 blink frogs
  A raiju (shapeshifter) (Vaults:1)
  A moth of wrath zombie (Crypt:1)
  A hydra skeleton (Crypt:3)
  7 dream sheep
  6 snapping turtles
  8 hippogriffs
  3 air elementals
  A hippogriff (shapeshifter) (Depths:3)
  77 redbacks
  A centaur simulacrum (D:15)
  An ice dragon skeleton (Crypt:3)
  3 ynoxinuls
  A black mamba zombie (Crypt:1)
  An ettin skeleton (Crypt:1)
  32 tarantellas
  10 wraiths
  4 wyverns
  A dire elephant simulacrum (Crypt:1)
  8 shadows
  7 vampires
  2 black mamba skeletons (Crypt:1)
  17 humans
  A spriggan (shapeshifter) (Vaults:3)
  A wyvern (shapeshifter) (D:15)
  32 water elementals
  57 yaks
  A yak (shapeshifter) (Vaults:1)
  7 fire elementals
  5 hogs
  5 basilisks
  A basilisk (shapeshifter) (Depths:2)
  4 fire bats (D:8)
  A golden eye (shapeshifter) (Depths:3)
  2 vampire mosquitoes (D:12)
  2 human simulacra
  3 steam dragons
  10 hungry ghosts
  8 chaos spawn
  7 wargs
  A glowing shapeshifter zombie (Crypt:1)
  2 acid dragons
  A warg (shapeshifter) (Vaults:5)
  Menkaure (D:4)
  2 hell hounds
  13 water moccasins
  7 porcupines
  A floating eye (Depths:3)
  4 ice beasts
  49 orc warriors
  A swamp drake (shapeshifter) (Vaults:4)
  3 swamp drakes (Lair:6)
  2 black bears
  A manticore zombie (Crypt:3)
  4 sky beasts
  A spiny frog skeleton (Crypt:1)
  A snapping turtle zombie (Crypt:3)
  An ice beast (shapeshifter) (Depths:2)
  A black bear (shapeshifter) (Vaults:2)
  A dream sheep zombie (Crypt:1)
  8 boggarts
  47 ogres
  3 phantoms
  12 centaurs
  A necrophage (D:8)
  17 wolves
  A centaur (shapeshifter) (D:15)
  2 blink frog skeletons
  A snapping turtle skeleton (Crypt:1)
  9 crocodiles
  A hog skeleton (Crypt:2)
  2 big kobolds
  Blork the orc (D:4)
  A gnoll sergeant (D:6)
  13 bullfrogs
  3 earth elementals
  3 scorpions
  2 water moccasin skeletons
  A queen bee zombie (Crypt:2)
  2 spriggan zombies
  4 troll zombies
  25 killer bees
  6 howler monkeys
  A yak skeleton (Crypt:1)
  15 wights
  5 electric eels
  4 crimson imps
  2 lava snakes (D:8)
  3 centaur zombies
  A quasit (Zot:1)
  4 hounds
  4 jellies
  29 orc priests
  4 human zombies
  Jessica (D:2)
  A human skeleton (D:8)
  4 iguanas
  30 orc wizards
  4 hell rats (Lair:6)
  5 worker ants
  6 ogre zombies
  A big kobold skeleton (Crypt:2)
  A tengu skeleton (Crypt:3)
  3 hound skeletons
  2 howler monkey zombies
  2 mummies
  5 gnolls (D:6)
  A howler monkey skeleton (D:10)
  13 adders
  An adder (shapeshifter) (Depths:3)
  3 river rats
  4 shadow imps
  2 oozes
  An adder zombie (D:2)
  A worm (D:3)
  A ball lightning (Spider:3)
  A dart slug (D:1)
  4 leopard geckos
  128 orcs
  6 ball pythons
  A bat skeleton (D:2)
  4 giant cockroaches
  8 goblins
  11 hobgoblins
  24 jackals
  4 quokkas
  A river rat zombie (Crypt:2)
  7 bats
  7 frilled lizards
  2 goblin skeletons (D:9)
  3 goblin zombies (D:9)
  2 hobgoblin skeletons (D:9)
  2 hobgoblin zombies (D:9)
  A jackal zombie (D:7)
  14 kobolds
  2 leopard gecko skeletons
  2 orc skeletons (D:9)
  14 orc zombies (D:9)
  A quokka skeleton (D:4)
  10 rats
  2 fire vortices (D:8)
  4 plants
  3 tentacles (Shoals:4)
  2 withered plants (Crypt:3)
2686 creatures vanquished.

Vanquished Creatures (others)
  A fire giant (Vaults:5)
  2 stone giants
  A merfolk javelineer (Depths:2)
  A yaktaur captain (Vaults:1)
  A satyr (Shoals:2)
  Sonja (Lair:5)
  2 deep elf knights
  3 deep elf archers
  A wizard (Depths:2)
  An orc knight (Vaults:4)
  A cyclops (Vaults:1)
  8 yaktaurs
  A tengu conjurer (D:13)
  3 jumping spiders
  5 humans (Lair:6)
  A water elemental (Depths:3)
  A golden eye (shapeshifter) (Elf:1)
  2 orc warriors (Elf:2)
  5 centaurs
  An orc priest (Orc:2)
  An orc wizard (Elf:2)
  2 orcs
  A fire vortex (D:8)
  9 fungi
  16 plants
  14 tentacles (Shoals:4)
  4 withered plants (D:9)
89 creatures vanquished.

Grand Total: 2775 creatures vanquished

Notes
Turn   | Place    | Note
-------+----------+-------------------------------------------
     0 | D:1      | IceCat the Minotaur Fighter began the quest for the Orb.
     0 | D:1      | Reached XP level 1. HP: 19/19 MP: 0/0
   114 | D:1      | Reached XP level 2. HP: 26/27 MP: 1/1
   586 | D:1      | Reached skill level 4 in Fighting
   665 | D:1      | Reached XP level 3. HP: 33/33 MP: 2/2
  1449 | D:2      | Found a glowing silver altar of Zin.
  1483 | D:2      | Reached skill level 1 in Dodging
  1490 | D:2      | Reached XP level 4. HP: 28/40 MP: 3/3
  1889 | D:2      | Found a sacrificial altar of Ru.
  1958 | D:2      | Noticed Jessica
  1964 | D:2      | Killed Jessica
  2039 | D:2      | Reached XP level 5. HP: 47/47 MP: 4/4
  2165 | D:3      | Found a deep blue altar of Sif Muna.
  2335 | D:3      | Noticed Grinder
  2360 | D:3      | Paralysed by Grinder for 4 turns
  2365 | D:3      | Killed Grinder
  2365 | D:3      | Reached skill level 5 in Armour
  2365 | D:3      | Reached XP level 6. HP: 30/55 MP: 5/5
  2382 | D:3      | Found a bloodstained altar of Trog.
  2711 | D:3      | Found a glowing drain.
  2733 | D:3      | Reached skill level 5 in Fighting
  2733 | D:3      | Reached skill level 5 in Unarmed Combat
  2741 | Sewer    | Entered a sewer
  2808 | Sewer    | Reached skill level 5 in Shields
  2808 | Sewer    | Reached XP level 7. HP: 56/61 MP: 6/6
  2837 | Sewer    | Found a glowing silver altar of Zin.
  3007 | D:4      | Noticed Blork the orc
  3338 | D:4      | Killed Blork the orc
  3658 | D:4      | Noticed Menkaure
  3872 | D:5      | Entered Level 5 of the Dungeon
  3876 | D:5      | HP: 1/61 [orc priest/divine providence (14)]
  4123 | D:4      | Found a sparkling altar of Nemelex Xobeh.
  4446 | D:4      | Killed Menkaure
  4558 | D:5      | Reached XP level 8. HP: 63/70 MP: 7/7
  4699 | D:5      | Reached skill level 6 in Fighting
  5482 | D:6      | Found a sparkling altar of Nemelex Xobeh.
  6016 | D:7      | Noticed a troll
  6029 | D:7      | Killed a troll
  6029 | D:7      | Reached XP level 9. HP: 42/78 MP: 8/8
  6054 | D:7      | Found a staircase to the Ecumenical Temple.
  6087 | Temple   | Entered the Ecumenical Temple
  6191 | Temple   | Became a worshipper of Cheibriados the Contemplative
  6224 | D:7      | Reached skill level 7 in Fighting
  6224 | D:7      | Reached skill level 5 in Dodging
  6455 | D:7      | Found a shattered altar of Ashenzari.
  6461 | D:7      | Noticed Joseph
  6496 | D:7      | Killed Joseph
  6757 | D:7      | Reached * piety under Cheibriados
  7154 | D:8      | Reached XP level 10. HP: 88/88 MP: 9/9
  7161 | D:8      | Reached skill level 8 in Fighting
  7164 | D:8      | Noticed Prince Ribbit
  7189 | D:8      | Noticed a two-headed ogre
  7191 | D:8      | Noticed Maurice
  7201 | D:8      | Killed a two-headed ogre
  7215 | D:8      | Killed Maurice
  7215 | D:8      | Reached skill level 10 in Unarmed Combat
  7283 | D:8      | Noticed Erica
  7295 | D:8      | Killed Erica
  7368 | D:8      | Reached ** piety under Cheibriados
  7502 | D:8      | Found an ancient bone altar of Kikubaaqudgha.
  7560 | D:8      | Reached skill level 9 in Fighting
  7602 | D:8      | Killed Prince Ribbit
  8104 | D:9      | Reached XP level 11. HP: 96/96 MP: 10/10
  8124 | D:9      | Reached *** piety under Cheibriados
  8147 | D:9      | Found a staircase to the Orcish Mines.
  8226 | D:9      | Got a translucent ring mail
  8237 | D:9      | Identified the +5 ring mail "Vaxzuff" {MR+ Int+8} (You found it on level 9 of the Dungeon)
  8263 | D:9      | Noticed Harold
  8273 | D:9      | Killed Harold
  8293 | D:9      | Found a runed gate.
  8294 | D:9      | Found a runed gate.
  8295 | D:9      | Found a runed gate.
  8296 | D:9      | Noticed Htamos's ghost (novice CeEE)
  8297 | D:9      | Noticed Gorg's ghost (journeyman MiBe)
  8324 | D:9      | Reached **** piety under Cheibriados
  8338 | D:9      | Found an ornate altar of the Wu Jian Council.
  8338 | D:9      | Found a radiant altar of Vehumet.
  8528 | D:9      | Found a basalt altar of Yredelemnul.
  8603 | D:9      | Found a white marble altar of Elyvilon.
  8675 | D:9      | Reached skill level 1 in Invocations
  8768 | D:9      | Killed Htamos's ghost
  8783 | D:9      | Killed Gorg's ghost
  8794 | D:9      | Got a crystal spear
  8795 | D:9      | Identified the cursed +0 spear of Xom's Envy {antimagic, rPois} (You found it on level 9 of the Dungeon)
  8824 | D:10     | Entered Level 10 of the Dungeon
  8877 | D:10     | Reached ***** piety under Cheibriados
  9015 | D:10     | Found a staircase to the Lair.
  9111 | D:10     | Reached skill level 10 in Armour
  9113 | D:10     | Reached skill level 10 in Fighting
  9143 | D:10     | Learned a level 2 spell: Blink
  9145 | D:10     | Learned a level 1 spell: Apportation
  9184 | D:10     | Noticed a two-headed ogre
  9189 | D:10     | Killed a two-headed ogre
  9189 | D:10     | Reached skill level 10 in Shields
  9303 | D:10     | You fall through a shaft for 2 floors!
  9307 | D:12     | Noticed Erolcha
  9308 | D:12     | Noticed Urug
  9317 | D:12     | Killed Erolcha
  9329 | D:12     | Killed Urug
  9329 | D:12     | Reached XP level 12. HP: 89/105 MP: 13/13
  9407 | D:12     | Found Quhe's Antique Armour Shoppe.
  9417 | D:12     | Noticed Fannar
  9644 | D:12     | Noticed a two-headed ogre
  9653 | D:12     | Killed a two-headed ogre
  9745 | D:12     | Killed Fannar
 10233 | D:11     | Reached skill level 11 in Fighting
 10251 | D:11     | Noticed an eight-headed hydra
 10405 | D:11     | Killed an eight-headed hydra
 10703 | D:11     | Reached skill level 5 in Invocations
 10809 | D:11     | Reached ****** piety under Cheibriados
 10819 | D:11     | Noticed a seven-headed hydra
 10824 | D:11     | Killed a seven-headed hydra
 11000 | D:11     | Learned a level 3 spell: Regeneration
 11339 | D:10     | Reached XP level 13. HP: 115/115 MP: 15/15
 11482 | Lair:1   | Entered Level 1 of the Lair of Beasts
 11774 | Lair:1   | Reached skill level 1 in Spellcasting
 12204 | Lair:2   | Reached skill level 10 in Dodging
 13080 | Lair:3   | Found a hole to the Spider Nest.
 13341 | Lair:3   | Found a staircase to the Shoals.
 13382 | Lair:3   | Reached skill level 1 in Necromancy
 14607 | Lair:5   | Noticed Sonja
 14617 | Lair:5   | Killed Sonja
 14653 | Lair:5   | Found a viscous altar of Jiyva.
 14654 | Lair:5   | Found a staircase to the Slime Pits.
 14954 | Lair:5   | Found a runed door.
 14955 | Lair:5   | You fall through a shaft!
 14955 | Lair:6   | Entered Level 6 of the Lair of Beasts
 14959 | Lair:6   | Reached skill level 15 in Unarmed Combat
 14994 | Lair:6   | Reached XP level 14. HP: 123/123 MP: 18/18
 15013 | Lair:6   | Noticed Kirke
 15024 | Lair:6   | Killed Kirke
 16046 | Lair:5   | Noticed Fidonwoo's ghost (journeyman GrEE)
 16078 | Lair:5   | Killed Fidonwoo's ghost
 16087 | Lair:5   | Got a scorched trident {elec}
 16098 | Lair:5   | Identified the cursed +1 trident "Soufonti" {elec, Str+4} (You took it off a spriggan on level 5 of the Lair of Beasts)
 16430 | D:13     | Noticed Rupert
 16460 | D:13     | Killed Rupert
 16536 | D:13     | Reached XP level 15. HP: 63/129 MP: 14/20
 16592 | D:13     | Found a gate to the Vaults.
 17141 | D:14     | Found a burning altar of Makhleb.
 17143 | D:14     | Found Boxupueq's Sacrilege Store.
 17359 | D:14     | Found a portal to a secret trove of treasure.
 17453 | D:15     | Entered Level 15 of the Dungeon
 17563 | D:15     | Got a slimy morningstar
 17564 | D:15     | Identified the +3 morningstar of Sloth {venom, SInv Stlth+} (You found it on level 15 of the Dungeon)
 17898 | D:15     | Reached skill level 5 in Necromancy
 17901 | D:15     | Reached skill level 5 in Spellcasting
 17953 | D:15     | Found a staircase to the Depths.
 17953 | D:15     | Noticed a fire giant
 17968 | D:15     | Killed a fire giant
 18374 | Orc:1    | Entered Level 1 of the Orcish Mines
 18710 | Orc:2    | Entered Level 2 of the Orcish Mines
 19010 | Orc:2    | Found a roughly hewn altar of Beogh.
 19011 | Orc:2    | Noticed an orc warlord
 19021 | Orc:2    | Killed an orc warlord
 19125 | Orc:2    | Found Inykiluh's Weapon Boutique.
 19141 | Orc:2    | Found Buapuec's Magic Scroll Shop.
 19152 | Orc:2    | Bought a scroll of summoning for 95 gold pieces
 19152 | Orc:2    | Bought a scroll of enchant armour for 75 gold pieces
 19152 | Orc:2    | Bought a scroll of teleportation for 30 gold pieces
 19532 | Orc:2    | Found Qutell's Antique Weapon Shoppe.
 19564 | Orc:2    | Noticed an orc warlord
 19579 | Orc:2    | Killed an orc warlord
 19635 | Orc:2    | Found a roughly hewn altar of Beogh.
 19698 | Orc:2    | Found Min Odghioku's Armour Emporium.
 19711 | Orc:2    | Reached skill level 12 in Fighting
 20046 | Orc:2    | Found a staircase to the Elven Halls.
 20233 | Elf:1    | Entered Level 1 of the Elven Halls
 20268 | Elf:1    | Found a radiant altar of Vehumet.
 20270 | Elf:1    | Noticed Agnes
 20289 | Elf:1    | Killed Agnes
 20289 | Elf:1    | Reached XP level 16. HP: 114/139 MP: 15/23
 20392 | Elf:1    | Found Womah's Armour Boutique.
 20482 | Elf:1    | Found Geph's Gadget Emporium.
 20645 | Elf:1    | Noticed Azrael
 20653 | Elf:1    | Killed Azrael
 21513 | Elf:2    | Found a runed door.
 21536 | Elf:2    | Found a runed door.
 21652 | Elf:2    | Reached skill level 15 in Shields
 21701 | Elf:2    | Reached skill level 13 in Fighting
 22088 | Elf:2    | Noticed Saint Roka
 22118 | Elf:2    | Killed Saint Roka
 22296 | Elf:2    | Reached XP level 17. HP: 150/150 MP: 25/25
 22304 | Elf:2    | Reached skill level 10 in Invocations
 22604 | Elf:3    | Entered Level 3 of the Elven Halls
 22664 | Elf:3    | Reached skill level 1 in Evocations
 22862 | Elf:3    | Reached skill level 1 in Translocations
 22991 | Elf:3    | Noticed a deep elf master archer
 23004 | Elf:3    | Learned a level 2 spell: Passwall
 23647 | Elf:3    | Noticed a deep elf blademaster
 23659 | Elf:3    | Killed a deep elf blademaster
 24219 | Depths:1 | Entered Level 1 of the Depths
 24864 | Depths:1 | Reached skill level 14 in Fighting
 24881 | Depths:1 | Found Xuizir's Antique Armour Emporium.
 24883 | Depths:1 | Found Zurar's Antique Armour Shoppe.
 24886 | Depths:1 | Found Ittur's Weapon Emporium.
 24895 | Depths:1 | Bought an ancient chain mail for 152 gold pieces
 24895 | Depths:1 | Bought a pair of glowing gloves for 120 gold pieces
 24918 | Depths:1 | Identified the +4 chain mail of Gynid {rN+} (You bought it in a shop on level 1 of the Depths)
 24918 | Depths:1 | Bought a bloodstained chain mail for 152 gold pieces
 24928 | Depths:1 | Identified the +9 chain mail of Xinem {Dex+3} (You bought it in a shop on level 1 of the Depths)
 25222 | Depths:1 | Found a burning altar of Makhleb.
 25510 | Depths:1 | Reached XP level 18. HP: 160/160 MP: 28/28
 25538 | Depths:1 | Found a gateway to Hell.
 26779 | Depths:2 | Reached skill level 5 in Evocations
 27266 | Depths:2 | Found a one-way gate leading to the halls of Pandemonium.
 27661 | Depths:2 | Reached skill level 15 in Fighting
 28171 | Depths:2 | Reached XP level 19. HP: 170/170 MP: 30/30
 28571 | Shoals:1 | Entered Level 1 of the Shoals
 29437 | Shoals:2 | Found Ypuon's General Store.
 29497 | Shoals:2 | Gained mutation: You are weak. (Str -2) [potion of mutation]
 29497 | Shoals:2 | Gained mutation: You can translocate small distances at will. [potion of mutation]
 29498 | Shoals:2 | Lost mutation: You are weak. (Str -2) [potion of mutation]
 29498 | Shoals:2 | Lost mutation: You can translocate small distances at will. [potion of mutation]
 29498 | Shoals:2 | Gained mutation: You have supernaturally acute eyesight. (SInv) [potion of mutation]
 29498 | Shoals:2 | Gained mutation: You are weak. (Str -2) [potion of mutation]
 29498 | Shoals:2 | Gained mutation: You possess an exceptional clarity of mind. [potion of mutation]
 29498 | Shoals:2 | Gained mutation: You are partially covered in icy blue scales. (AC +2) [potion of mutation]
 29944 | Shoals:3 | Noticed Louise
 29953 | Shoals:2 | Killed Louise
 29970 | Shoals:2 | Got a brightly glowing large shield
 29981 | Shoals:2 | Identified the cursed +0 large shield of the Skies Above {rCorr} (You took it off Louise on level 2 of the Shoals)
 29996 | Shoals:3 | Noticed Polyphemus
 30003 | Shoals:3 | Noticed Ilsuiw
 30027 | Shoals:3 | Killed Polyphemus
 30033 | Shoals:3 | HP: 6/172 [drowned by a water elemental[Ilsuiw] (4)]
 30038 | Shoals:3 | HP: 6/172 [drowned by a water elemental[Ilsuiw] (5)]
 30044 | Shoals:3 | HP: 7/172 [drowned by a water elemental[Ilsuiw] (5)]
 30045 | Shoals:3 | Killed Ilsuiw
 31786 | Shoals:3 | Reached skill level 16 in Fighting
 31862 | Shoals:4 | Entered Level 4 of the Shoals
 32162 | Shoals:4 | Got a steaming ivory ring
 32205 | Shoals:4 | Identified the ring "Qochi" {rCorr MR++ Int+3} (You took it off a merfolk on level 4 of the Shoals)
 32678 | Shoals:4 | Got a barnacled rune of Zot
 32984 | Vaults:1 | Entered Level 1 of the Vaults
 33251 | Vaults:1 | Reached XP level 20. HP: 182/182 MP: 32/32
 33281 | Vaults:1 | Learned a level 2 spell: Song of Slaying
 33289 | Vaults:1 | Found a sparkling altar of Nemelex Xobeh.
 33512 | Vaults:1 | Reached skill level 1 in Charms
 34180 | Vaults:1 | Reached skill level 1 in Transmutations
 34204 | Vaults:1 | Reached skill level 17 in Fighting
 34855 | Vaults:2 | Noticed Asterion
 34865 | Vaults:2 | Killed Asterion
 34914 | Vaults:2 | Noticed Nikola
 34924 | Vaults:2 | Killed Nikola
 35295 | Vaults:2 | Reached skill level 15 in Dodging
 35676 | Vaults:3 | Reached XP level 21. HP: 42/192 MP: 10/33
 35677 | Vaults:3 | Reached skill level 10 in Spellcasting
 36221 | Vaults:3 | Found a staircase to the Crypt.
 36392 | Vaults:3 | Reached skill level 1 in Earth Magic
 36651 | Vaults:3 | Reached skill level 18 in Fighting
 37036 | Vaults:3 | Reached skill level 15 in Armour
 37041 | Vaults:3 | Got a crude halberd {flame}
 37048 | Vaults:3 | Identified the +10 halberd of the Moon {flame, rPois rN+ Str-3 Dex+7} (You took it off an ogre mage on level 3 of the Vaults)
 37053 | Vaults:3 | Noticed Mara
 37060 | Vaults:3 | Noticed IceCat's illusion
 37126 | Vaults:3 | HP: 1/194 [Mara/demon trident of electrocution (18)]
 37585 | Vaults:3 | Noticed IceCat's illusion
 37588 | Vaults:3 | Killed Mara
 37995 | Vaults:4 | Found Tubbiacuem's Food Boutique.
 38266 | Vaults:4 | Noticed Jory
 38280 | Vaults:4 | Killed Jory
 38875 | Vaults:4 | Found a runed gate.
 38875 | Vaults:4 | Found a runed gate.
 38875 | Vaults:4 | Found a runed gate.
 38875 | Vaults:4 | Noticed Reogah's ghost (adept MfBe)
 38920 | Vaults:4 | Found Koyv's Jewellery Shop.
 38928 | Vaults:4 | Bought the amulet "Xitamys" {Gourm rF+ rC+ rN+ Dex+2} for 653 gold pieces
 38936 | Vaults:4 | Found Desoaxzo's Gadget Shop.
 38941 | Vaults:4 | Found Ajakucle's Food Emporium.
 39322 | Vaults:5 | Entered Level 5 of the Vaults
 39339 | Vaults:4 | Reached XP level 22. HP: 198/204 MP: 35/35
 39415 | Vaults:4 | Learned a level 2 spell: Shroud of Golubria
 39565 | Vaults:5 | Reached skill level 19 in Fighting
 39679 | Vaults:5 | Identified the +3 lajatang "Seecu" {flame, rPois Dex+2} (You found it on level 5 of the Vaults)
 39739 | Vaults:5 | Reached skill level 5 in Translocations
 39916 | Vaults:5 | Identified a scroll of acquirement
 39917 | Vaults:5 | Identified the +4 ring mail of Fallacy {-Tele Int+8 Slay+3} (You found it on level 5 of the Vaults)
 40245 | Vaults:5 | Identified the +7 plate armour "Roniv" {rN+} (You took it off a vault warden on level 5 of the Vaults)
 40422 | Vaults:5 | Reached skill level 20 in Fighting
 40469 | Vaults:5 | Reached XP level 23. HP: 173/215 MP: 36/36
 40573 | Vaults:5 | Noticed an ancient lich
 40587 | Vaults:5 | Killed an ancient lich
 40767 | Vaults:5 | Got a silver rune of Zot
 40795 | Vaults:5 | Identified the +1 ring mail "Zuawoife" {Regen+ rCorr Int-4} (You found it on level 5 of the Vaults)
 40806 | Vaults:5 | Got a jewelled hat
 40812 | Vaults:5 | Identified the +2 hat of the Swan {rC- Regen+ Int+4} (You acquired it on level 5 of the Vaults)
 40877 | Vaults:5 | Got a brightly glowing long sword {drain}
 40878 | Vaults:5 | Identified the +3 long sword of Yrouroum {drain, rElec} (You took it off a deep elf mage on level 5 of the Vaults)
 41301 | Crypt:1  | Entered Level 1 of the Crypt
 41463 | Crypt:1  | HP: 7/217 [phantasmal warrior (10)]
 41641 | Crypt:1  | Noticed an ancient lich
 41653 | Crypt:1  | Killed an ancient lich
 42209 | Crypt:1  | Identified the +1 spear of the Distant Future {pierce, rPois Dex+8} (You found it on level 1 of the Crypt)
 42425 | Crypt:2  | Noticed Khufu
 42427 | Crypt:2  | Noticed a greater mummy
 42428 | Crypt:2  | Noticed a greater mummy
 42748 | Crypt:3  | Entered Level 3 of the Crypt
 43181 | Crypt:2  | Killed a greater mummy
 43181 | Crypt:2  | Reached skill level 5 in Transmutations
 43210 | Crypt:3  | Killed Khufu
 43505 | Crypt:2  | Killed a greater mummy
 43524 | Crypt:2  | Got a pitted glaive
 43526 | Crypt:2  | Identified the +9 glaive of Midnight {chop, MR+ Int+6} (You found it on level 2 of the Crypt)
 44145 | Crypt:3  | Reached skill level 21 in Fighting
 44708 | Crypt:3  | Found an ancient bone altar of Kikubaaqudgha.
 44710 | Crypt:3  | Noticed an ancient lich
 44720 | Crypt:3  | Killed an ancient lich
 44720 | Crypt:3  | Reached XP level 24. HP: 220/228 MP: 36/36
 44723 | Crypt:3  | Noticed an ancient lich
 44736 | Crypt:3  | Killed an ancient lich
 44791 | Crypt:3  | Learned a level 6 spell: Statue Form
 45319 | Crypt:3  | Found the +1 cloak of Starlight {rElec rC+ EV+4 Stlth--}
 45360 | Crypt:3  | Found a staircase to the Tomb.
 45360 | Crypt:3  | Noticed an ancient lich
 45364 | Crypt:3  | Killed an ancient lich
 46021 | Elf:3    | Reached skill level 5 in Earth Magic
 46141 | Elf:3    | Got a bloodstained great sword {elec}
 46207 | Elf:3    | Got an ancient buckler
 46218 | Elf:3    | Identified the +3 buckler "Goosasi" {rN+++ MR++ Int-4 Stlth-} (You took it off a deep elf high priest on level 3 of the Elven Halls)
 46244 | Elf:3    | Identified Lom Lobon's Guide on Translocation
 46285 | Elf:3    | Identified the Guide on Poisoning and Ice
 46554 | Elf:3    | Identified the +0 shield of Mafir {Slay+3} (You took it off a deep elf annihilator on level 3 of the Elven Halls)
 46892 | Spider:1 | Entered Level 1 of the Spider Nest
 46917 | Spider:1 | Identified the +5 hand axe "Beastbane" {holy, Int+4} (You found it on level 1 of the Spider Nest)
 48521 | Spider:4 | Entered Level 4 of the Spider Nest
 48694 | Spider:4 | Reached XP level 25. HP: 235/235 MP: 36/36
 49080 | Spider:4 | Got a gossamer rune of Zot
 49744 | Depths:3 | Identified the Incunabulum of the Fiery Mountains
 49800 | Depths:3 | Got a heavily runed glass ring
 49917 | Depths:3 | Found a runed door.
 50465 | Depths:3 | Identified the ring "Qiufyd" {Fire MR+ Str+4 Stlth+} (You took it off a spriggan berserker on level 3 of the Depths)
 50815 | Vaults:4 | Bought an uncursed ring of wizardry for 330 gold pieces
 51812 | Depths:3 | Identified the +1 falchion "Newtslayer" {flame, rF+ SInv} (You found it on level 3 of the Depths)
 51829 | Depths:3 | Found a one-way gate to the infinite horrors of the Abyss.
 51850 | Depths:3 | Got a heavily runed sapphire amulet
 51851 | Depths:3 | Identified the amulet "Itonk" {Acrobat rElec} (You found it on level 3 of the Depths)
 51959 | Depths:3 | Got a coiled wooden ring
 51961 | Depths:3 | Identified the ring "Fosasamu" {*Slow rPois MP+9 EV+3 Dex+4} (You found it on level 3 of the Depths)
 52187 | Depths:4 | Reached XP level 26. HP: 246/246 MP: 37/37
 52189 | Depths:4 | Found a radiant altar of Vehumet.
 52359 | Depths:4 | Found the +4 robe of Augmentation {Str+4 Int+4 Dex+4}
 52370 | Depths:4 | Got a jewelled hat
 52381 | Depths:4 | Identified the +1 hat "Dec Qecsou" {rC- MR+ Str+9 SInv} (You found it on level 4 of the Depths)
 52389 | Depths:4 | Lost mutation: You possess an exceptional clarity of mind. [potion of mutation]
 52389 | Depths:4 | Lost mutation: You are weak. (Str -2) [potion of mutation]
 52389 | Depths:4 | Gained mutation: You have a somewhat thin skeletal structure. (Dex +2, Stealth) [potion of mutation]
 52389 | Depths:4 | Gained mutation: You are frail. (-10% HP) [potion of mutation]
 52389 | Depths:4 | Gained mutation: You are somewhat resistant to further mutation. [potion of mutation]
 52390 | Depths:4 | Lost mutation: You are frail. (-10% HP) [potion of mutation]
 52390 | Depths:4 | Lost mutation: You have supernaturally acute eyesight. (SInv) [potion of mutation]
 52390 | Depths:4 | Lost mutation: You are somewhat resistant to further mutation. [potion of mutation]
 52390 | Depths:4 | Lost mutation: You are partially covered in icy blue scales. (AC +2) [potion of mutation]
 52390 | Depths:4 | Gained mutation: Your movements are slightly less encumbered by armour. (ER -2) [potion of mutation]
 52390 | Depths:4 | Gained mutation: You are frail. (-10% HP) [potion of mutation]
 52390 | Depths:4 | Gained mutation: Your flesh is heat resistant. (rF+) [potion of mutation]
 52413 | Depths:4 | Gained mutation: You are dopey. (Int -2) [a cacodemon]
 52419 | Depths:4 | Reached skill level 22 in Fighting
 52420 | Depths:4 | Lost mutation: You are dopey. (Int -2) [potion of mutation]
 52420 | Depths:4 | Gained mutation: Armour fits poorly on your strangely shaped body. [potion of mutation]
 52420 | Depths:4 | Gained mutation: You are partially covered in slimy green scales. (AC +2) [potion of mutation]
 52420 | Depths:4 | Gained mutation: You have supernaturally acute eyesight. (SInv) [potion of mutation]
 52420 | Depths:4 | Lost mutation: You are frail. (-10% HP) [potion of mutation]
 52952 | Depths:4 | Reached skill level 10 in Earth Magic
 53048 | Depths:4 | Reached skill level 10 in Transmutations
 53102 | Depths:4 | Reached XP level 27. HP: 252/254 MP: 32/37
 53327 | Depths:5 | Entered Level 5 of the Depths
 53327 | Depths:5 | Found a gateway to a ziggurat.
 53550 | D:14     | You paid a toll of +2 shadow dragon scales to enter a treasure trove
 53551 | Trove    | Entered a treasure trove
 53585 | Trove    | Identified the +8 rapier "Sidejeem" {venom, *Drain +Inv rN+} (You found it in a treasure trove)
 53906 | Depths:5 | Noticed the Enchantress
 53908 | Depths:5 | Killed the Enchantress
 54269 | Depths:5 | Found a gate to the Realm of Zot.
 54328 | Depths:5 | Got a flickering tin ring
 54335 | Depths:5 | Identified the ring "Wyewnin" {Fire +Blink Int+2} (You acquired it on level 5 of the Depths)
 54509 | Zot:1    | Entered Level 1 of the Realm of Zot
 54515 | Zot:1    | Reached skill level 23 in Fighting
 54538 | Zot:1    | Learned a level 4 spell: Passage of Golubria
 55706 | Zot:2    | Found a transporter.
 55755 | Zot:2    | Reached skill level 24 in Fighting
 56240 | Zot:2    | Found a transporter.
 56248 | Zot:2    | Got a vibrating bronze amulet
 56250 | Zot:2    | Identified the amulet of the City {RegenMP Str+2} (You found it on level 2 of the Realm of Zot)
 57852 | Zot:4    | Found a transporter.
 57915 | Zot:4    | Found a transporter.
 58166 | Zot:4    | Reached skill level 25 in Fighting
 58248 | Zot:5    | Entered Level 5 of the Realm of Zot
 58831 | Zot:5    | Noticed an ancient lich
 58837 | Zot:5    | Killed an ancient lich
 58849 | Zot:5    | Noticed an orb of fire
 58849 | Zot:5    | Noticed an orb of fire
 58855 | Zot:5    | Killed an orb of fire
 58860 | Zot:5    | Killed an orb of fire
 58866 | Zot:5    | Noticed an ancient lich
 58868 | Zot:5    | Noticed an orb of fire
 58872 | Zot:5    | Killed an ancient lich
 58873 | Zot:5    | Gained mutation: You occasionally shout uncontrollably at your foes. [an orb of fire]
 58873 | Zot:5    | Gained mutation: You are weak. (Str -2) [an orb of fire]
 58875 | Zot:5    | Gained mutation: You are dopey. (Int -2) [an orb of fire]
 58876 | Zot:5    | Gained mutation: You are very dopey. (Int -4) [an orb of fire]
 58879 | Zot:5    | Gained mutation: You are robust. (+10% HP) [an orb of fire]
 58883 | Zot:5    | Killed an orb of fire
 58899 | Zot:5    | Noticed an ancient lich
 58906 | Zot:5    | Killed an ancient lich
 59035 | Zot:5    | Noticed an ancient lich
 59036 | Zot:5    | Noticed an orb of fire
 59037 | Zot:5    | Noticed an orb of fire
 59038 | Zot:5    | Killed an ancient lich
 59041 | Zot:5    | Killed an orb of fire
 59045 | Zot:5    | Killed an orb of fire
 59524 | Zot:5    | Got the Orb of Zot
 59612 | Zot:5    | Noticed Ytudaf the pandemonium lord
 59621 | Zot:4    | Killed Ytudaf the pandemonium lord
 59630 | Zot:4    | Noticed Yffe the pandemonium lord
 59638 | Zot:4    | Killed Yffe the pandemonium lord
 59659 | Zot:3    | Noticed Koqibemy the pandemonium lord
 59662 | Zot:3    | Killed Koqibemy the pandemonium lord
 59662 | Zot:3    | Reached skill level 26 in Fighting
 59741 | Zot:1    | Reached skill level 10 in Evocations
 59765 | Zot:1    | Noticed Lijiomn the pandemonium lord
 59771 | Zot:1    | Killed Lijiomn the pandemonium lord
 59977 | D:11     | Noticed Mouzua the pandemonium lord
 60221 | D:$      | Escaped with the Orb!

Skill      XL: |  1  2  3  4  5  6  7  8  9 10 11 12 13 14 15 16 17 18 19 20 21 22 23 24 25 26 27 |
---------------+----------------------------------------------------------------------------------+-----
Armour         | 4 5 6 7 8 9 10 11 12 14 15 17 18 19 | 19.0
Fighting       | 4 5 6 7 9 10 11 12 13 14 15 16 17 18 20 21 22 26 | 26.1
Shields        | 4 5 6 7 9 10 11 12 13 14 15 18 20 | 20.0
Unarmed Combat | 3 4 5 6 8 9 11 12 13 15 16 18 19 20 25 | 25.3
Dodging        | 1 2 3 4 6 7 8 9 10 11 12 14 15 16 17 18 19 21 | 21.2
Invocations    | 3 5 6 8 9 10 | 10.0
Spellcasting   | 2 4 5 6 7 8 9 10 11 13 | 13.0
Necromancy     | 2 4 5 6 7 |  7.0
Evocations     | 3 6 10 | 10.1
Translocations | 3 5 |  5.0
Charms         | 3 4 |  4.0
Transmutations | 3 4 5 8 9 10 12 | 12.0
Earth Magic    | 4 6 9 10 12 | 12.1

Action                   |  1- 3 |  4- 6 |  7- 9 | 10-12 | 13-15 | 16-18 | 19-21 | 22-24 | 25-27 || total
-------------------------+-------+-------+-------+-------+-------+-------+-------+-------+-------++-------
Melee: Unarmed           |   100 |   148 |   342 |   662 |  1205 |   948 |  1523 |  1532 |  1284 ||  7744
       Headbutt          |    14 |    23 |    98 |   233 |   402 |   328 |   530 |   653 |   403 ||  2684
       Punch             |       |       |       |       |       |       |     1 |       |       ||     1
       Staff             |       |       |       |       |       |       |       |   102 |       ||   102
 Cast: Regeneration      |       |       |       |       |    13 |    24 |    13 |    57 |    39 ||   146
       Blink             |       |       |       |       |     1 |     2 |       |       |    20 ||    23
       Song of Slaying   |       |       |       |       |       |       |    10 |     3 |     3 ||    16
       Shroud of Golubri |       |       |       |       |       |       |       |     7 |     3 ||    10
       Statue Form       |       |       |       |       |       |       |       |       |    60 ||    60
       Passwall          |       |       |       |       |       |       |       |       |     1 ||     1
Invok: Slouch            |       |       |       |       |     3 |     9 |     8 |     8 |     2 ||    30
       Temporal Distorti |       |       |       |       |       |     2 |     1 |     1 |     1 ||     5
 Abil: Evoke Flight      |       |       |       |       |       |       |     2 |       |       ||     2
Evoke: Wand              |       |       |       |       |     1 |     1 |    17 |    25 |    21 ||    65
       Phial of floods   |       |       |       |       |       |       |       |     1 |       ||     1
  Use: Scroll            |       |       |    15 |     5 |    10 |     5 |    10 |    20 |    12 ||    77
       Potion            |       |       |     3 |     1 |     1 |     3 |     9 |     1 |     5 ||    23
 Stab: Paralysed         |       |     1 |       |       |     1 |       |       |    10 |     3 ||    15
       Invisible         |       |     1 |       |       |       |       |       |       |       ||     1
       Sleeping          |       |       |     1 |     2 |     5 |       |       |       |       ||     8
       Distracted        |       |       |       |       |       |     1 |       |     1 |     1 ||     3
  Eat: Chunk             |     2 |    14 |    18 |    18 |    53 |    47 |    47 |    24 |    36 ||   259
       Ration            |       |       |       |       |       |       |       |       |     3 ||     3
Armor: Scale mail        |    50 |    54 |    58 |       |       |       |       |       |       ||   162
       Troll leather arm |       |       |     9 |    22 |       |       |       |       |       ||    31
       Ring mail         |       |       |       |    49 |   103 |    46 |       |       |       ||   198
       Chain mail        |       |       |       |       |       |    74 |   283 |    77 |       ||   434
       Plate armour      |       |       |       |       |       |       |       |   252 |   113 ||   365
       Skin              |       |       |       |       |       |       |       |       |   175 ||   175
Dodge: Dodged            |    22 |    37 |   112 |   238 |   520 |   352 |   808 |  1012 |  1346 ||  4447
       Deflected         |       |       |       |       |     1 |    28 |    45 |    22 |    49 ||   145
Block: Shield            |    53 |    56 |   179 |   500 |  1082 |   855 |  1567 |  1432 |  1659 ||  7383
       Reflection        |       |       |       |    17 |    24 |   100 |   177 |       |     1 ||   319
